 Dungeon Crawl Stone Soup version 0.18-a0-1539-g1c7284a (webtiles) character file.

44 Ijustatesigmund the Insei (level 3, -3/25 HPs)
             Began as an Octopode Transmuter on Mar 9, 2016.
             Slain by Crazy Yiuf
             ... wielding a +2 quarterstaff of chaos
              (6 damage)
             ... on level 2 of the Dungeon.
             The game lasted 00:02:48 (1157 turns).

Ijustatesigmund the Insei (Octopode Transmuter)     Turns: 1157, Time: 00:02:48

Health: -3/25      AC:  1    Str:  9    XL:     3   Next: 60%
Magic:  0/6        EV: 12    Int: 16    God:
Gold:   123        SH:  0    Dex: 12    Spells: 3 memorised, 0 levels left

rFire  . . .     SeeInvis .       - Unarmed
rCold  . . .     Gourm    .     (no shield)
rNeg   . . .     Faith    .     (helmet restricted)
rPois  .         Spirit   .     (no amulet)
rElec  .         Dismiss  .     (no ring)
rCorr  .         Reflect  .     (no ring)
SustAt .         Harm     .     (no ring)
MR     .....                    (no ring)
Stlth  ++........               (no ring)
                                (no ring)
                                (no ring)
                                (no ring)

@: appendage, very slightly contaminated, not resistant to hostile enchantments,
unstealthy
A: almost no armour, amphibious, 8 rings, constrict 8, tentacle spike 3,
camouflage 1, gelatinous body 1
a: End Transformation


You were on level 2 of the Dungeon.
You were not hungry.
One of your tentacles had a temporary spike.
You visited 1 branch of the dungeon, and saw 2 of its levels.

You collected 123 gold pieces.

Inventory:

Missiles
 a - 24 arrows
Potions
 f - a potion of brilliance
 h - a potion of curing {unknown}
Books
 b - a book of Changes

   Spells                             Type                      Level
   a - Beastly Appendage              Transmutation                1
   b - Sticks to Snakes               Transmutation                2
   c - Spider Form                    Transmutation/Poison         3
   d - Ice Form                       Ice/Transmutation            4
   e - Blade Hands                    Transmutation                5
Comestibles
 c - 2 bread rations
 d - 3 chunks of flesh
 g - 2 slices of pizza
 i - a meat ration


   Skills:
 + Level 2.4 Fighting
 - Level 2.0 Dodging
 + Level 3.5 Unarmed Combat
 - Level 2.0 Spellcasting
 - Level 2.0 Transmutations
 + Level 1.0 Poison Magic


You couldn't memorise any spells.
You knew the following spells:

 Your Spells              Type           Power        Failure   Level  Hunger
a - Beastly Appendage     Trmt           #.....       10%         1    #......
b - Sticks to Snakes      Trmt           #.......     14%         2    ###....
c - Spider Form           Trmt/Pois      #.........   34%         3    ###....


Dungeon Overview and Level Annotations

Branches:
Dungeon (2/15)

Altars:
Cheibriados

Annotations:
D:2 Crazy Yiuf


Innate Abilities, Weirdness & Mutations

You cannot wear most types of armour.
You are amphibious.
You can wear up to eight rings at the same time.
You can use your tentacles to constrict eight enemies at once.
Your skin changes colour to match your surroundings (Stealth).
Your rubbery body absorbs attacks (AC +1).
One of your tentacles bears a large vicious spike.


Message History

Your adder bites Crazy Yiuf.
You swap places.
A goblin comes into view. It is wielding a club.
Casting: Sticks to Snakes
Confirm with . or Enter, or press ? or * to list all spells.
One of your tentacles grows a vicious spike.
Crazy Yiuf grits, "East canine fast!"
Crazy Yiuf hits you with a quarterstaff of chaos.
Crazy Yiuf burns you.
You barely miss Crazy Yiuf. You grab Crazy Yiuf.
Crazy Yiuf is lightly wounded.
You constrict Crazy Yiuf.
Crazy Yiuf hits you with a quarterstaff of chaos.
You are electrocuted!
* * * LOW HITPOINT WARNING * * *
You tentacle-slap Crazy Yiuf.
Crazy Yiuf is heavily wounded.
You constrict Crazy Yiuf. The goblin closely misses you.
Crazy Yiuf hits you with a quarterstaff of chaos.
You die...

...#...............
.....
###................
....
#..................
#.##...............
.....####....###..
#..#. ##..## #.##
♣P..P♣ #. ♣♣PPg♣
♣♣@♣♣ ♣♣g♣ ♣.♣♣ ♣S
g♣ #. .. #. #)


You could see Crazy Yiuf and a goblin.

Vanquished Creatures
  A gnoll (D:1)
  An adder (D:2)
  2 dart slugs (D:1)
  A ball python (D:1)
  3 goblins (D:2)
  3 hobgoblins (D:1)
  3 kobolds (D:1)
  4 bats (D:1)
  4 giant newts (D:1)
  3 rats
25 creatures vanquished.

Notes
Turn   | Place    | Note
--------------------------------------------------------------
     0 | D:1      | Ijustatesigmund the Octopode Transmuter began the quest for the Orb.
     0 | D:1      | Reached XP level 1. HP: 13/13 MP: 3/3
   164 | D:1      | Reached XP level 2. HP: 13/18 MP: 5/5
   309 | D:1      | Learned a level 2 spell: Sticks to Snakes
   528 | D:1      | Reached XP level 3. HP: 23/25 MP: 2/6
   533 | D:1      | Learned a level 3 spell: Spider Form
   980 | D:2      | Reached skill level 1 in Poison Magic
  1119 | D:2      | Found a snail-covered altar of Cheibriados.
  1149 | D:2      | Noticed Crazy Yiuf
  1157 | D:2      | Slain by Crazy Yiuf

Vault maps used:
D:1:      mrwooster_arrival_statue, minmay_misc_feat_square
D:2:      nicolae_overflow_hidden_temple, wad_floor_pattern_2,
          uniq_crazy_yiuf_cottage

Skill      XL: |  1  2  3 |
---------------+----------+-----
Fighting       | 2 |  2.4
Poison Magic   | 1 |  1.0
Dodging        | |  2.0
Unarmed Combat | |  3.5
Spellcasting   | |  2.0
Transmutations | |  2.0

Action                   || total
-------------------------++-------
Melee: Unarmed           ||    52
 Cast: Sticks to Snakes  ||     3
       Beastly Appendage ||     3
  Use: Scroll            ||     6
 Stab: Sleeping          ||     3
  Eat: Chunk             ||     1
